 Dungeon Crawl Stone Soup version 0.31-a0-175-g9f7f995f2b (webtiles) character file.

Game seed: 15711420537492064995

79 BrainTurd the Digger (level 4, 0/27 HPs)
             Began as an Octopode Earth Elementalist on June 18, 2023.
             Slain by a gnoll
             ... wielding a +0 flail
              (3 damage)
             ... on level 3 of the Dungeon.
             The game lasted 00:09:48 (1939 turns).

BrainTurd the Digger (Octopode Earth Elementalist)  Turns: 1939, Time: 00:09:48

Health: 0/27       AC:  5    Str:  7    XL:     4   Next: 38%
Magic:  7/7        EV: 13    Int: 19    God:
Gold:   110        SH:  0    Dex: 12    Spells: 1/7 levels left

rFire   . . .        c - +0 spear
rCold   . . .        (no shield)
rNeg    . . .        (helmet restricted)
rPois   .            (no amulet)
rElec   .            e - +4 ring of protection
rCorr   .            (no ring)
SInv    .            (no ring)
Will    .....        (no ring)
Stlth   +++          (no ring)
HPRegen 0.24/turn    (no ring)
MPRegen 0.10/turn    (no ring)
                     (no ring)

%: no passive effects
@: no status effects
A: almost no armour, amphibious, 8 rings, camouflage 1, gelatinous body 1,
(nimble swimmer 1), tentacles
a: no special abilities


You were on level 3 of the Dungeon.
You visited 1 branch of the dungeon, and saw 3 of its levels.

You collected 110 gold pieces.

Inventory:

Hand Weapons
 c - a +0 spear (weapon)
Missiles
 g - 3 javelins
Jewellery
 e - a +4 ring of protection (left tentacle)
 i - a +6 ring of intelligence
 k - an amulet of faith
Scrolls
 b - a scroll of vulnerability {unknown}
 h - 3 scrolls of teleportation {unknown}
Potions
 a - a potion of magic
 d - 2 potions of ambrosia {unknown}
 f - 2 potions of enlightenment {unknown}
 j - a potion of attraction {unknown}


   Skills:
 - Level 2.0 Dodging
 - Level 2.6 Stealth
 - Level 2.0 Spellcasting
 - Level 1.0 Transmutations
 * Level 5.1 Earth Magic


You had one spell level left.
You knew the following spells:

 Your Spells              Type           Power      Damage    Failure   Level
a - Sandblast             Erth           42%        2d11      1%          1
b - Passwall              Tmut/Erth      10%        N/A       8%          2
c - Stone Arrow           Conj/Erth      22%        3d8       19%         3

Your spell library contained the following spells:

 Spells                   Type           Power      Damage    Failure   Level
 Sublimation of Blood     Necr           1%         N/A       26%         2
 Petrify                  Tmut/Erth      13%        N/A       43%         4
 Irradiate                Conj/Tmut      1%         3d12      98%         5


Dungeon Overview and Level Annotations

Branches:
Dungeon (3/15)

Altars:

Shops:
D:2 *


Innate Abilities, Weirdness & Mutations

You cannot wear most types of armour.
You are amphibious.
You can wear up to eight rings at the same time.
Your skin changes colour to match your surroundings (Stealth+).
Your rubbery body absorbs attacks. (AC +1, EV +1)
((You are camouflaged when in or above water. (Stealth+)))
You have tentacles for arms and can constrict up to eight enemies at once.


Message History

You see here a +0 dagger.
Found a stone staircase leading down.
A gnoll comes into view. It is wielding a +0 spear.
The gnoll throws a stone.
The stone hits you. The gnoll barely misses you.
The gnoll hits you with a +0 spear.
You hit the gnoll. Your grab misses the gnoll.
The gnoll is moderately wounded.
The gnoll hits you but does no damage. The gnoll hits you with a +0 spear.
You hit the gnoll. Your grab misses the gnoll.
You squeeze the gnoll, but do no damage.
The gnoll is heavily wounded.
The gnoll hits you with a +0 flail. The gnoll barely misses you.
You closely miss the gnoll. You grab the gnoll.
The gnoll is heavily wounded.
You constrict the gnoll, but do no damage.
The gnoll hits you with a +0 flail! The gnoll hits you with a +0 spear.
You release your grip on the gnoll.
The gnoll hits you but does no damage. The gnoll attacks as you move away!
The gnoll closely misses you.
The gnoll shouts!
Found a leather armour.
The gnoll attacks as you move away! The gnoll closely misses you.
The gnoll attacks as you move away! The gnoll hits you with a +0 flail.
The gnoll attacks as you move away! The gnoll completely misses you.
You see here a +0 leather armour.
The gnoll attacks as you move away! The gnoll misses you.
The gnoll attacks as you move away! The gnoll closely misses you.
The gnoll attacks as you move away! The gnoll barely misses you.
The gnoll attacks as you move away! The gnoll hits you with a +0 flail.
* * * LOW HITPOINT WARNING * * *
The gnoll attacks as you move away! The gnoll barely misses you.
The gnoll attacks as you move away! The gnoll hits you but does no damage.
A hobgoblin comes into view.
The hobgoblin shouts!
The gnoll attacks as you move away! The gnoll hits you but does no damage.
The gnoll attacks as you move away! The gnoll hits you with a +0 flail.
The gnoll attacks as you move away! The gnoll hits you with a +0 flail!
* * * LOW HITPOINT WARNING * * *
The gnoll attacks as you move away! The gnoll hits you with a +0 flail.
You die...

...........)..#.#
................# .#
..............# #.#
......g.......#### #.#
...#######.......#### #.##
..................... ...
....######.......## #.# .....
#........######.#######
...####....#....@gggg.g........
.... #..........######.######
.....##...........# #.#
...#.........# #g#
#..#.#.....#.# #g#
##...#####.#.# #.#
#...........# #.#
#..######.#######.#####
#......g..............#


You could see 4 gnolls and a hobgoblin.

Vanquished Creatures
  4 adders (D:2)
  A worm (D:2)
  A dart slug (D:3)
  A bat (D:1)
  2 endoplasms (D:1)
  2 giant cockroaches
  2 goblins (D:2)
  4 hobgoblins
  4 jackals (D:2)
  3 quokkas
  5 ball pythons
  2 frilled lizards
  2 kobolds
  3 rats
36 creatures vanquished.

Notes
Turn   | Place    | Note
-------+----------+-------------------------------------------
     0 | D:1      | BrainTurd the Octopode Earth Elementalist began the quest
                  | for the Orb.
     0 | D:1      | Reached XP level 1. HP: 11/11 MP: 3/3
   181 | D:1      | Reached XP level 2. HP: 17/17 MP: 5/5
   214 | D:1      | Learned a level 2 spell: Passwall
   753 | D:2      | Found Wypluc's Assorted Antiques.
   887 | D:2      | Reached skill level 4 in Earth Magic
   937 | D:2      | Reached XP level 3. HP: 19/21 MP: 6/6
  1178 | D:2      | Learned a level 3 spell: Stone Arrow
  1298 | D:2      | Reached XP level 4. HP: 27/27 MP: 7/7
  1490 | D:2      | Reached skill level 5 in Earth Magic
  1939 | D:3      | Slain by a gnoll

Illustrated notes

Levels and vault maps discovered:
D:1:      dpeg_arrival_tiny_b, layout_basic
D:2:      layout_loops_corners, serial_shops, nicolae_shop_trees, nrook_uturn,
          dk_vineyard_2
D:3:      layout_basic, serial_bayou, serial_bayou_lagoon_a,
          serial_bayou_pond_b, serial_bayou_pond_c, serial_bayou_crossing,
          uniq_grinder

Skill      XL: |  1  2  3  4 |
---------------+-------------+-----
Earth Magic    | 4 5 |  5.1
Dodging        | |  2.0
Stealth        | |  2.6
Spellcasting   | |  2.0
Transmutations | |  1.0

Action                     |  1- 3 |  4- 6 || total
---------------------------+-------+-------++-------
  Melee: Spear             |    52 |    25 ||    77
         Constrict         |    13 |     9 ||    22
         Tentacles         |    10 |     6 ||    16
  Throw: Javelin           |     2 |       ||     2
   Cast: Sandblast         |     9 |     3 ||    12
   Stab: Sleeping          |     6 |     3 ||     9
 Armour: Skin              |    12 |    17 ||    29
  Dodge: Dodged            |    23 |    35 ||    58

Table legend: (Time is in decaauts)
 A = Elapsed time spent in this place.
 B = Non-inter-level travel time spent in this place.
 C = Inter-level travel time spent in this place.
 D = Time resting spent in this place.
 E = Time spent auto-exploring this place.
 F = Levels seen in this place.
 G = Mean time per level.
                   A        B        C        D        E       F      G
               +--------+--------+--------+--------+--------+-----+--------+
         Total |   1952 |   1846 |    106 |     34 |   1367 |   3 |  650.7 |
       Dungeon |   1952 |   1846 |    106 |     34 |   1367 |   3 |  650.7 |
               +--------+--------+--------+--------+--------+-----+--------+

Top non-repeatable levels by time:
     D:2: 1061 daAuts
     D:1: 677 daAuts
     D:3: 213 daAuts
